Lightning vs Maple Leafs
(R2)
Created - October 21, 2017 at 22:39
Goals
|
Lightning |
1 |
3 |
1 |
5 |
Maple Leafs |
1 |
0 |
0 |
1 |
|
Shots
|
Lightning |
7 |
14 |
12 |
33 |
Maple Leafs |
7 |
10 |
11 |
28 |
|
1st period
1. Lightning , Steve Bernier 1 (Daniel Carcillo 1, Pierre-Marc Bouchard 1) at 11:41
2. Maple Leafs , Claude Giroux 2 (Jordan Staal 1, Marc-Édouard Vlasic 2) at 12:46 (PP)
Penalties :
Zac Dalpe (Tor) for Holding (Minor) at 1:25, Blake Comeau (Tor) for Hooking (Minor) at 5:02, Kris Versteeg (TB.) for Hooking (Minor) at 9:22, Henrik Zetterberg (TB.) for Hooking (Minor) at 12:05
2nd period
3. Lightning , Henrik Zetterberg 3 (Robert Nilsson 1) at 7:52 (PP)
4. Lightning , Brent Burns 1 (Henrik Zetterberg 2, Jaroslav Halak) at 12:07 (PP)
5. Lightning , Chris Higgins 1 (Logan Couture 1) at 19:27
Penalties :
Alexander Frolov (Tor) for Cross-checking (Minor) at 7:50, Gilbert Brule (Tor) for Charging (Double Minor) at 10:58, Robert Nilsson (TB.) for Cross-checking (Minor) at 15:13
3rd period
6. Lightning , John Carlson 1 (Robert Nilsson 2) at 7:41
Penalties :
Sheldon Keefe (TB.) for Hooking (Minor) at 2:54, Brent Burns (TB.) for Holding (Minor) at 9:29, Fabian Brunnstrom (Tor) for Holding (Minor) at 12:08
Goalie Stats
Jaroslav Halak (TB.), 27 saves from 28 shots - (0.964), W, 1-3-0, 60:00 minutes
Marc-André Fleury (Tor), 28 saves from 33 shots - (0.848), L, 3-1-0, 60:00 minutes
Players Stats for Lightning
Player Name G A P +/- PIM S H SB GA TA FO MP PP MP PK MP
------------------------------------------------------------------------------------
Andy Rogers 0 0 0 0 0 2 2 1 0 0 0/0 22:33 4:25 3:56
Brent Burns 1 0 1 2 2 1 1 1 1 1 0/0 27:18 4:42 4:08
Chris Higgins 1 0 1 1 0 3 1 0 0 0 0/0 11:28 0:15 1:07
Daniel Carcillo 0 1 1 1 0 2 0 0 1 0 0/0 15:57 3:51 0:09
Danny Richmond 0 0 0 0 0 1 1 1 0 0 0/0 22:33 4:25 3:56
Henrik Zetterberg 1 1 2 1 2 5 0 0 1 0 0/4 23:05 5:16 4:07
John Carlson 1 0 1 2 0 3 1 1 0 0 0/0 28:30 4:42 4:41
Kris Versteeg 0 0 0 1 2 1 1 1 0 0 2/3 22:58 5:16 4:05
Logan Couture 0 1 1 1 0 1 1 0 0 0 3/5 10:52 0:00 1:04
Mikael Backlund 0 0 0 0 0 0 1 0 0 0 1/2 6:22 0:00 0:00
Pierre-Luc Létourneau 0 0 0 0 0 0 2 0 1 0 0/0 6:31 0:00 0:00
Pierre-Marc Bouchard 0 1 1 1 0 4 1 0 2 0 7/12 19:03 3:48 2:33
Reilly Smith 0 0 0 0 0 3 0 0 0 0 0/0 6:37 0:00 0:00
Robert Nilsson 0 2 2 1 2 0 0 1 1 0 15/33 21:28 5:04 1:49
Sheldon Keefe 0 0 0 1 2 4 0 0 0 0 1/3 12:15 0:00 2:20
Steve Bernier 1 0 1 1 0 2 1 1 0 1 0/0 15:25 3:51 0:00
Steve McCarthy 0 0 0 1 0 1 0 0 0 2 0/0 8:30 0:00 0:00
Victor Hedman 0 0 0 1 0 0 0 0 0 0 0/0 9:53 0:00 0:33
Players Stats for Maple Leafs
Player Name G A P +/- PIM S H SB GA TA FO MP PP MP PK MP
------------------------------------------------------------------------------------
Alexander Frolov 0 0 0 -1 2 2 0 0 0 1 2/2 17:27 4:49 0:33
Blake Comeau 0 0 0 -1 2 0 0 0 0 1 2/2 8:49 0:04 1:21
Braydon Coburn 0 0 0 -1 0 4 2 0 0 0 0/0 27:51 3:52 5:11
Claude Giroux 1 0 1 0 0 5 1 0 0 0 2/4 23:27 4:49 5:29
Colby Armstrong 0 0 0 -1 0 0 0 0 0 0 0/0 10:31 0:00 0:00
Eric Nystrom 0 0 0 -1 0 0 0 1 0 0 0/0 10:08 0:11 3:05
Evgeny Grachev 0 0 0 -1 0 1 0 0 1 0 1/6 10:31 0:00 0:00
Fabian Brunnstrom 0 0 0 -1 2 2 2 0 1 1 0/0 14:15 3:37 0:00
Gilbert Brule 0 0 0 -1 4 2 2 0 0 0 5/10 18:09 3:44 2:17
Jamie Benn 0 0 0 0 0 2 0 0 1 0 1/3 12:58 0:00 0:00
John Klingberg 0 0 0 -1 0 1 0 1 0 1 0/0 14:05 3:52 0:05
Jordan Staal 0 1 1 0 0 2 0 0 0 0 19/32 23:25 4:53 5:29
Marc-Édouard Vlasic 0 1 1 -1 0 1 0 1 0 1 0/0 21:43 4:45 3:51
Michael Grabner 0 0 0 -1 0 1 1 0 0 0 1/2 15:34 3:44 0:00
Ryan Parent 0 0 0 -1 0 2 0 1 1 0 0/0 17:26 0:00 3:41
Taylor Chorney 0 0 0 -1 0 1 0 2 0 1 0/0 10:06 0:00 0:15
Tobias Enstrom 0 0 0 -1 0 2 1 0 0 0 0/0 27:49 4:45 5:11
Zac Dalpe 0 0 0 -1 2 0 0 1 0 1 0/1 6:34 0:00 0:00
3 Stars
1 - Jaroslav Halak (TB.)
2 - John Carlson (TB.)
3 - Steve Bernier (TB.)
Power Play
Lightning - 2 on 6 Attempt(s) - 33.33%
Maple Leafs - 1 on 5 Attempt(s) - 20.00%
Penalty Kill
Lightning - 4 on 5 Attempt(s) - 80.00%
- Score 0 goal in Penalty Kill
Maple Leafs - 4 on 6 Attempt(s) - 66.67%
- Score 0 goal in Penalty Kill
Team Stat
Lightning - Hits : 13 - Faceoff Wins : 29 - Blocked Shots : 7 - Penalty Minutes : 10
Maple Leafs - Hits : 9 - Faceoff Wins : 33 - Blocked Shots : 7 - Penalty Minutes : 12
Official
Referees : LaRue Dennis and Watson Brad
Linesman : Mark Shewchyk and Mark Wheler
Game Notes
No Game Note
Finance
Level 1 -- Attendance: 5562 (92.70%) -- Ticket Income $500,580
Level 2 -- Attendance: 4745 (94.90%) -- Ticket Income $260,975
Level 3 -- Attendance: 1782 (89.10%) -- Ticket Income $64,152
Level 4 -- Attendance: 3932 (98.30%) -- Ticket Income $98,300
Luxury Box -- Attendance: 924 (92.40%) -- Ticket Income $143,220
Game was played at the Maple Leafs Garden.
Total Attendance: 16945 (94.14%)
Total Ticket Income: $1,067,227
Other Income: $160,084
Total Income: $1,227,311
Lightning
5 vs 5 Forward
Center Left Wing Right Wing Time % Phy DF OF
1 Robert Nilsson Henrik Zetterberg Kris Versteeg 40 1 2 2
2 Pierre-Marc Bouchard Daniel Carcillo Steve Bernier 30 1 2 2
3 Logan Couture Chris Higgins Sheldon Keefe 20 1 2 2
4 Mikael Backlund Pierre-Luc Létourneau Reilly Smith 10 1 2 2
5 vs 5 Defense
Defense Defense Time % Phy DF OF
1 Brent Burns John Carlson 40 1 2 2
2 Danny Richmond Andy Rogers 30 1 2 2
3 Steve McCarthy Victor Hedman 20 1 2 2
4 Brent Burns John Carlson 10 1 2 2
PowerPlay Forward
Center Left Wing Right Wing Time % Phy DF OF
1 Robert Nilsson Henrik Zetterberg Kris Versteeg 60 1 2 2
2 Pierre-Marc Bouchard Daniel Carcillo Steve Bernier 40 1 2 2
PowerPlay Defense
Defense Defense Time % Phy DF OF
1 Brent Burns John Carlson 60 1 2 2
2 Danny Richmond Andy Rogers 40 1 2 2
Penalty Kill 4 Players Forward
Center Wing Time % Phy DF OF
1 Henrik Zetterberg Kris Versteeg 60 1 2 2
2 Robert Nilsson Pierre-Marc Bouchard 40 1 2 2
Penalty Kill 4 Players Defense
Defense Defense Time % Phy DF OF
1 Brent Burns John Carlson 60 1 2 2
2 Danny Richmond Andy Rogers 40 1 2 2
Penalty Kill - 3 Players Forward
Forward Time % Phy DF OF
1 Henrik Zetterberg 60 1 2 2
2 Kris Versteeg 40 1 2 2
Penalty Kill - 3 Players Defense
Defense Defense Time % Phy DF OF
1 Brent Burns John Carlson 60 1 2 2
2 Danny Richmond Andy Rogers 40 1 2 2
4 vs 4 Forward
Center Wing Time % Phy DF OF
1 Henrik Zetterberg Kris Versteeg 60 1 2 2
2 Robert Nilsson Pierre-Marc Bouchard 40 1 2 2
4 vs 4 Defense
Defense Defense Time % Phy DF OF
1 Brent Burns John Carlson 60 1 2 2
2 Danny Richmond Andy Rogers 40 1 2 2
Last Minutes Offensive
Center Left Wing Right Wing Defense Defense
Robert Nilsson Henrik Zetterberg Kris Versteeg Brent Burns John Carlson
Last Minutes Defensive
Center Left Wing Right Wing Defense Defense
Robert Nilsson Henrik Zetterberg Kris Versteeg Brent Burns John Carlson
Goaltenders
Starting : Jaroslav Halak
Backup : Adam Munro
Extra Forwards
Normal : Chris Higgins, Logan Couture, Sheldon Keefe - PP : Chris Higgins, Logan Couture - PK : Sheldon Keefe
Extra Defensemen
Normal : Steve McCarthy, Victor Hedman, Danny Richmond - PP : Steve McCarthy - PK : Victor Hedman, Danny Richmond
Penalty Shots
Henrik Zetterberg, Kris Versteeg, Robert Nilsson, Pierre-Marc Bouchard, Daniel Carcillo
Scratches
Jeff Schultz (Right Forearm Injury)
Maple Leafs
5 vs 5 Forward
Center Left Wing Right Wing Time % Phy DF OF
1 Jordan Staal Jamie Benn Claude Giroux 40 0 2 3
2 Gilbert Brule Alexander Frolov Michael Grabner 30 0 2 3
3 Evgeny Grachev Fabian Brunnstrom Colby Armstrong 20 0 2 3
4 Zac Dalpe Eric Nystrom Blake Comeau 10 0 3 2
5 vs 5 Defense
Defense Defense Time % Phy DF OF
1 Tobias Enstrom Braydon Coburn 40 0 2 3
2 Ryan Parent Marc-Édouard Vlasic 30 0 2 3
3 John Klingberg Taylor Chorney 20 0 3 2
4 Tobias Enstrom Braydon Coburn 10 0 2 3
PowerPlay Forward
Center Left Wing Right Wing Time % Phy DF OF
1 Jordan Staal Alexander Frolov Claude Giroux 60 0 1 4
2 Gilbert Brule Fabian Brunnstrom Michael Grabner 40 0 2 3
PowerPlay Defense
Defense Defense Time % Phy DF OF
1 Tobias Enstrom Marc-Édouard Vlasic 60 0 2 3
2 John Klingberg Braydon Coburn 40 0 3 2
Penalty Kill 4 Players Forward
Center Wing Time % Phy DF OF
1 Jordan Staal Claude Giroux 60 0 4 1
2 Gilbert Brule Eric Nystrom 40 0 4 1
Penalty Kill 4 Players Defense
Defense Defense Time % Phy DF OF
1 Tobias Enstrom Braydon Coburn 60 0 5 0
2 Ryan Parent Marc-Édouard Vlasic 40 0 5 0
Penalty Kill - 3 Players Forward
Forward Time % Phy DF OF
1 Jordan Staal 60 0 4 1
2 Gilbert Brule 40 0 4 1
Penalty Kill - 3 Players Defense
Defense Defense Time % Phy DF OF
1 Tobias Enstrom Taylor Chorney 60 0 5 0
2 Taylor Chorney Tobias Enstrom 40 0 5 0
4 vs 4 Forward
Center Wing Time % Phy DF OF
1 Jordan Staal Claude Giroux 60 0 2 3
2 Gilbert Brule Michael Grabner 40 0 2 3
4 vs 4 Defense
Defense Defense Time % Phy DF OF
1 Tobias Enstrom Braydon Coburn 60 0 3 2
2 Ryan Parent Marc-Édouard Vlasic 40 0 3 2
Last Minutes Offensive
Center Left Wing Right Wing Defense Defense
Jordan Staal Alexander Frolov Claude Giroux Tobias Enstrom Marc-Édouard Vlasic
Last Minutes Defensive
Center Left Wing Right Wing Defense Defense
Jordan Staal Alexander Frolov Claude Giroux Braydon Coburn Taylor Chorney
Goaltenders
Starting : Marc-André Fleury
Backup : Alex Stalock
Extra Forwards
Normal : Michael Grabner, Eric Nystrom, Blake Comeau - PP : Michael Grabner, Eric Nystrom - PK : Blake Comeau
Extra Defensemen
Normal : John Klingberg, Ryan Parent, Marc-Édouard Vlasic - PP : Ryan Parent - PK : Ryan Parent, Taylor Chorney
Penalty Shots
Claude Giroux, Gilbert Brule, Alexander Frolov, Fabian Brunnstrom, Zac Dalpe
Scratches
None
% Time on Ice - Lightning
Lines # - Real PCT - Wanted PCT - Time Play
Normal Forward
1 - 32% - 40% - 13:28
2 - 31% - 30% - 13:04
3 - 22% - 20% - 9:22
4 - 15% - 10% - 6:22
Normal Defense
1 - 43% - 40% - 18:01
2 - 34% - 30% - 14:12
3 - 21% - 20% - 8:56
4 - 3% - 10% - 1:07
PP Forward
1 - 58% - 60% - 5:16
2 - 42% - 40% - 3:51
PP Defense
1 - 52% - 60% - 4:42
2 - 48% - 40% - 4:25
PK Forward
1 - 70% - 60% - 6:04
2 - 30% - 40% - 2:33
PK Defense
1 - 54% - 60% - 4:41
2 - 46% - 40% - 3:56
PK3 Forward
1 - 0% - 60%
2 - 0% - 40%
PK3 Defense
1 - 0% - 60%
2 - 0% - 40%
44 Forward
1 - 0% - 60%
2 - 0% - 40%
44 Defense
1 - 0% - 60%
2 - 0% - 40%
Last Minute Offensive - 0:00
Last Minute Defensive - 0:00
Total
Forward - 60:00
Defense - 60:00
|
% Time on Ice - Maple Leafs
Lines # - Real PCT - Wanted PCT - Time Play
Normal Forward
1 - 32% - 40% - 13:23
2 - 29% - 30% - 12:07
3 - 25% - 20% - 10:31
4 - 15% - 10% - 6:15
Normal Defense
1 - 40% - 40% - 16:53
2 - 34% - 30% - 14:34
3 - 21% - 20% - 8:56
4 - 4% - 10% - 1:53
PP Forward
1 - 57% - 60% - 4:53
2 - 43% - 40% - 3:44
PP Defense
1 - 55% - 60% - 4:45
2 - 45% - 40% - 3:52
PK Forward
1 - 66% - 60% - 6:02
2 - 34% - 40% - 3:05
PK Defense
1 - 60% - 60% - 5:26
2 - 40% - 40% - 3:41
PK3 Forward
1 - 0% - 60%
2 - 0% - 40%
PK3 Defense
1 - 0% - 60%
2 - 0% - 40%
44 Forward
1 - 0% - 60%
2 - 0% - 40%
44 Defense
1 - 0% - 60%
2 - 0% - 40%
Last Minute Offensive - 0:00
Last Minute Defensive - 0:00
Total
Forward - 60:00
Defense - 60:00
|
Play by Play
1st period
0:01 of 1st period - Jordan Staal wins face-off versus Henrik Zetterberg in neutral zone.
0:03 of 1st period - Off-side.
0:04 of 1st period - Robert Nilsson wins face-off versus Jordan Staal in neutral zone.
0:32 of 1st period - Wrist shot by Claude Giroux.
0:32 of 1st period - Stopped by Jaroslav Halak with a rebound.
0:54 of 1st period - Slapshot by Michael Grabner.
0:54 of 1st period - Stopped by Jaroslav Halak without a rebound.
0:55 of 1st period - Mikael Backlund wins face-off versus Evgeny Grachev in Lightning zone.
1:02 of 1st period - Wrist shot by Evgeny Grachev.
1:02 of 1st period - Shot Misses the Net.
1:04 of 1st period - Slapshot by Ryan Parent.
1:04 of 1st period - Stopped by Jaroslav Halak with a rebound.
1:06 of 1st period - Snap shot by Ryan Parent.
1:06 of 1st period - Deflect By Steve McCarthy.
1:06 of 1st period - Stopped by Jaroslav Halak without a rebound.
1:07 of 1st period - Blake Comeau wins face-off versus Robert Nilsson in Lightning zone.
1:25 of 1st period - Minor Penalty to Zac Dalpe for Holding.
1:26 of 1st period - Robert Nilsson wins face-off versus Claude Giroux in Maple Leafs zone.
1:28 of 1st period - Snap shot by Henrik Zetterberg.
1:28 of 1st period - Stopped by Marc-André Fleury with a rebound.
1:30 of 1st period - Wrist shot by Henrik Zetterberg.
1:30 of 1st period - Stopped by Marc-André Fleury with a rebound.
3:23 of 1st period - Icing by Danny Richmond.
3:24 of 1st period - Blake Comeau wins face-off versus Robert Nilsson in Lightning zone.
3:25 of 1st period - Penalty to Zac Dalpe is over, Zac Dalpe is back on ice.
5:02 of 1st period - Minor Penalty to Blake Comeau for Hooking.
5:03 of 1st period - Jordan Staal wins face-off versus Robert Nilsson in Maple Leafs zone.
7:02 of 1st period - Penalty to Blake Comeau is over, Blake Comeau is back on ice.
7:03 of 1st period - Icing by Danny Richmond.
7:04 of 1st period - Robert Nilsson wins face-off versus Evgeny Grachev in Lightning zone.
7:27 of 1st period - Snap shot by Blake Comeau.
7:27 of 1st period - Shot Misses the Net.
8:15 of 1st period - Slapshot by Jordan Staal.
8:15 of 1st period - Deflect By Claude Giroux.
8:15 of 1st period - Shot Blocked by Steve Bernier.
8:15 of 1st period - Puck is out of play.
8:16 of 1st period - Pierre-Marc Bouchard wins face-off versus Jordan Staal in Lightning zone.
8:23 of 1st period - Slapshot by Claude Giroux.
8:23 of 1st period - Shot Misses the Net.
8:33 of 1st period - Andy Rogers is hit by Braydon Coburn and loses puck.
8:42 of 1st period - Snap shot by Claude Giroux.
8:42 of 1st period - Shot Misses the Net.
8:45 of 1st period - Icing by Andy Rogers.
8:46 of 1st period - Gilbert Brule wins face-off versus Pierre-Marc Bouchard in Lightning zone.
8:53 of 1st period - Snap shot by Alexander Frolov.
8:53 of 1st period - Shot Blocked by Andy Rogers.
9:13 of 1st period - Snap shot by Fabian Brunnstrom.
9:13 of 1st period - Deflect By Evgeny Grachev.
9:13 of 1st period - Stopped by Jaroslav Halak with a rebound.
9:15 of 1st period - Slapshot by John Klingberg.
9:15 of 1st period - Stopped by Jaroslav Halak with a rebound.
9:22 of 1st period - Minor Penalty to Kris Versteeg for Hooking.
9:23 of 1st period - Sheldon Keefe wins face-off versus Jordan Staal in Lightning zone.
9:55 of 1st period - Brent Burns is hit by Gilbert Brule.
10:31 of 1st period - Wrist shot by Pierre-Marc Bouchard.
10:31 of 1st period - Shot Misses the Net.
11:22 of 1st period - Penalty to Kris Versteeg is over, Kris Versteeg is back on ice.
11:35 of 1st period - Wrist shot by Steve Bernier.
11:35 of 1st period - Stopped by Marc-André Fleury without a rebound.
11:36 of 1st period - Pierre-Marc Bouchard wins face-off versus Zac Dalpe in Maple Leafs zone.
11:37 of 1st period - Slapshot by Daniel Carcillo.
11:37 of 1st period - Shot Blocked by Zac Dalpe.
11:39 of 1st period - Wrist shot by Daniel Carcillo.
11:39 of 1st period - Shot Blocked by Eric Nystrom.
11:41 of 1st period - Slapshot by Steve Bernier.
11:41 of 1st period - Goal by Steve Bernier - Lightning : 1 - Maple Leafs : 0.
11:42 of 1st period - Jordan Staal wins face-off versus Robert Nilsson in neutral zone.
12:05 of 1st period - Minor Penalty to Henrik Zetterberg for Hooking.
12:06 of 1st period - Jordan Staal wins face-off versus Sheldon Keefe in Lightning zone.
12:24 of 1st period - Icing by Alexander Frolov.
12:25 of 1st period - Alexander Frolov wins face-off versus Sheldon Keefe in Maple Leafs zone.
12:46 of 1st period - Wrist shot by Claude Giroux.
12:46 of 1st period - Goal by Claude Giroux - Lightning : 1 - Maple Leafs : 1.
12:47 of 1st period - Robert Nilsson wins face-off versus Jordan Staal in neutral zone.
13:34 of 1st period - Off-side.
13:35 of 1st period - Logan Couture wins face-off versus Evgeny Grachev in neutral zone.
13:49 of 1st period - Snap shot by Chris Higgins.
13:49 of 1st period - Stopped by Marc-André Fleury with a rebound.
15:09 of 1st period - Evgeny Grachev is hit by Danny Richmond.
15:35 of 1st period - Snap shot by Daniel Carcillo.
15:35 of 1st period - Shot Misses the Net.
16:37 of 1st period - Off-side.
16:38 of 1st period - Robert Nilsson wins face-off versus Jamie Benn in neutral zone.
16:53 of 1st period - Slapshot by Jordan Staal.
16:53 of 1st period - Shot Misses the Net.
17:15 of 1st period - Snap shot by Chris Higgins.
17:15 of 1st period - Stopped by Marc-André Fleury with a rebound.
17:17 of 1st period - Wrist shot by Chris Higgins.
17:17 of 1st period - Deflect By Sheldon Keefe.
17:17 of 1st period - Stopped by Marc-André Fleury with a rebound.
19:15 of 1st period - Henrik Zetterberg is hit by Claude Giroux and loses puck.
Goals for this period are 1 for Lightning vs 1 for Maple Leafs.
Shots for this period are 7 for Lightning vs 7 for Maple Leafs.
2nd period
0:01 of 2nd period - Jordan Staal wins face-off versus Robert Nilsson in neutral zone.
0:08 of 2nd period - Backhand shot by Jordan Staal.
0:08 of 2nd period - Shot Blocked by Brent Burns.
0:17 of 2nd period - Icing by Brent Burns.
0:18 of 2nd period - Kris Versteeg wins face-off versus Gilbert Brule in Lightning zone.
0:34 of 2nd period - Tobias Enstrom is hit by Kris Versteeg and loses puck.
2:10 of 2nd period - Slapshot by Tobias Enstrom.
2:10 of 2nd period - Stopped by Jaroslav Halak without a rebound.
2:11 of 2nd period - Jordan Staal wins face-off versus Pierre-Marc Bouchard in Lightning zone.
2:20 of 2nd period - Snap shot by Jordan Staal.
2:20 of 2nd period - Stopped by Jaroslav Halak with a rebound.
2:28 of 2nd period - Jamie Benn is hit by Steve Bernier and loses puck.
3:05 of 2nd period - Wrist shot by Reilly Smith.
3:05 of 2nd period - Shot Blocked by Ryan Parent.
3:49 of 2nd period - Marc-Édouard Vlasic is hit by Mikael Backlund and loses puck.
4:10 of 2nd period - Snap shot by Daniel Carcillo.
4:10 of 2nd period - Deflect By Pierre-Marc Bouchard.
4:10 of 2nd period - Stopped by Marc-André Fleury with a rebound.
4:12 of 2nd period - Snap shot by Daniel Carcillo.
4:12 of 2nd period - Shot Blocked by John Klingberg.
4:26 of 2nd period - Snap shot by Sheldon Keefe.
4:26 of 2nd period - Stopped by Marc-André Fleury without a rebound.
4:27 of 2nd period - Logan Couture wins face-off versus Jordan Staal in Maple Leafs zone.
5:20 of 2nd period - Snap shot by Logan Couture.
5:20 of 2nd period - Stopped by Marc-André Fleury without a rebound.
5:21 of 2nd period - Jordan Staal wins face-off versus Logan Couture in Maple Leafs zone.
5:28 of 2nd period - Snap shot by Braydon Coburn.
5:28 of 2nd period - Stopped by Jaroslav Halak with a rebound.
5:30 of 2nd period - Wrist shot by Jamie Benn.
5:30 of 2nd period - Stopped by Jaroslav Halak with a rebound.
5:32 of 2nd period - Wrist shot by Jamie Benn.
5:32 of 2nd period - Shot Misses the Net.
6:01 of 2nd period - Icing by Danny Richmond.
6:02 of 2nd period - Gilbert Brule wins face-off versus Logan Couture in Lightning zone.
6:09 of 2nd period - Slapshot by Sheldon Keefe.
6:09 of 2nd period - Shot Misses the Net.
6:11 of 2nd period - Snap shot by Chris Higgins.
6:11 of 2nd period - Shot Misses the Net.
6:13 of 2nd period - Snap shot by Sheldon Keefe.
6:13 of 2nd period - Stopped by Marc-André Fleury with a rebound.
6:21 of 2nd period - Wrist shot by Chris Higgins.
6:21 of 2nd period - Deflect By Gilbert Brule.
6:21 of 2nd period - Shot Misses the Net.
6:21 of 2nd period - Puck is out of play.
6:22 of 2nd period - Kris Versteeg wins face-off versus Evgeny Grachev in Maple Leafs zone.
6:59 of 2nd period - Off-side.
7:00 of 2nd period - Pierre-Marc Bouchard wins face-off versus Gilbert Brule in neutral zone.
7:11 of 2nd period - Snap shot by Daniel Carcillo.
7:11 of 2nd period - Stopped by Marc-André Fleury with a rebound.
7:13 of 2nd period - Slapshot by Victor Hedman.
7:13 of 2nd period - Shot Misses the Net.
7:15 of 2nd period - Slapshot by Pierre-Marc Bouchard.
7:15 of 2nd period - Stopped by Marc-André Fleury without a rebound.
7:16 of 2nd period - Jordan Staal wins face-off versus Robert Nilsson in Maple Leafs zone.
7:16 of 2nd period - Jordan Staal is hit by John Carlson.
7:28 of 2nd period - Slapshot by Claude Giroux.
7:28 of 2nd period - Stopped by Jaroslav Halak without a rebound.
7:29 of 2nd period - Jordan Staal wins face-off versus Robert Nilsson in Lightning zone.
7:30 of 2nd period - Snap shot by Claude Giroux.
7:30 of 2nd period - Shot Blocked by Robert Nilsson.
7:47 of 2nd period - Icing by Brent Burns.
7:48 of 2nd period - Gilbert Brule wins face-off versus Robert Nilsson in Lightning zone.
7:50 of 2nd period - Minor Penalty to Alexander Frolov for Cross-checking.
7:51 of 2nd period - Robert Nilsson wins face-off versus Jordan Staal in Maple Leafs zone.
7:52 of 2nd period - Snap shot by Henrik Zetterberg.
7:52 of 2nd period - Goal by Henrik Zetterberg - Lightning : 2 - Maple Leafs : 1.
7:53 of 2nd period - Robert Nilsson wins face-off versus Jordan Staal in neutral zone.
8:07 of 2nd period - Snap shot by Jordan Staal.
8:07 of 2nd period - Stopped by Jaroslav Halak without a rebound.
8:08 of 2nd period - Robert Nilsson wins face-off versus Gilbert Brule in Lightning zone.
8:42 of 2nd period - Wrist shot by Daniel Carcillo.
8:42 of 2nd period - Stopped by Marc-André Fleury without a rebound.
8:43 of 2nd period - Pierre-Marc Bouchard wins face-off versus Claude Giroux in Maple Leafs zone.
8:50 of 2nd period - Snap shot by Jordan Staal.
8:50 of 2nd period - Shot Misses the Net.
8:52 of 2nd period - Snap shot by Marc-Édouard Vlasic.
8:52 of 2nd period - Deflect By Jordan Staal.
8:52 of 2nd period - Shot Misses the Net.
8:52 of 2nd period - Puck is out of play.
8:53 of 2nd period - Pierre-Marc Bouchard wins face-off versus Jordan Staal in Lightning zone.
9:02 of 2nd period - Backhand shot by Marc-Édouard Vlasic.
9:02 of 2nd period - Stopped by Jaroslav Halak with a rebound.
9:04 of 2nd period - Snap shot by Jordan Staal.
9:04 of 2nd period - Shot Misses the Net.
9:10 of 2nd period - Snap shot by Jamie Benn.
9:10 of 2nd period - Stopped by Jaroslav Halak without a rebound.
9:11 of 2nd period - Gilbert Brule wins face-off versus Robert Nilsson in Lightning zone.
10:48 of 2nd period - Wrist shot by Henrik Zetterberg.
10:48 of 2nd period - Shot Blocked by Taylor Chorney.
10:58 of 2nd period - Double Minor Penalty to Gilbert Brule for Charging.
10:59 of 2nd period - Jordan Staal wins face-off versus Robert Nilsson in Maple Leafs zone.
11:12 of 2nd period - Wrist shot by Kris Versteeg.
11:12 of 2nd period - Shot Misses the Net.
11:29 of 2nd period - Icing by Steve Bernier.
11:30 of 2nd period - Pierre-Marc Bouchard wins face-off versus Jordan Staal in Lightning zone.
11:43 of 2nd period - Snap shot by Kris Versteeg.
11:43 of 2nd period - Stopped by Marc-André Fleury without a rebound.
11:44 of 2nd period - Robert Nilsson wins face-off versus Jordan Staal in Maple Leafs zone.
12:07 of 2nd period - Slapshot by Brent Burns.
12:07 of 2nd period - Deflect By Tobias Enstrom.
12:07 of 2nd period - Goal by Brent Burns - Lightning : 3 - Maple Leafs : 1.
12:08 of 2nd period - Jordan Staal wins face-off versus Robert Nilsson in neutral zone.
12:35 of 2nd period - Wrist shot by Pierre-Marc Bouchard.
12:35 of 2nd period - Shot Misses the Net.
12:37 of 2nd period - Backhand shot by Daniel Carcillo.
12:37 of 2nd period - Deflect By Pierre-Marc Bouchard.
12:37 of 2nd period - Stopped by Marc-André Fleury without a rebound.
12:38 of 2nd period - Claude Giroux wins face-off versus Pierre-Marc Bouchard in Maple Leafs zone.
12:38 of 2nd period - Claude Giroux is hit by Pierre-Marc Bouchard.
13:28 of 2nd period - Slapshot by John Carlson.
13:28 of 2nd period - Deflect By Claude Giroux.
13:28 of 2nd period - Stopped by Marc-André Fleury without a rebound.
13:29 of 2nd period - Jordan Staal wins face-off versus Pierre-Marc Bouchard in Maple Leafs zone.
13:29 of 2nd period - Jordan Staal is hit by Brent Burns.
14:07 of 2nd period - Penalty to Gilbert Brule is over, Gilbert Brule is back on ice.
14:14 of 2nd period - Michael Grabner is hit by Andy Rogers and loses puck.
14:43 of 2nd period - Marc-Édouard Vlasic is hit by Pierre-Luc Létourneau and loses puck.
15:04 of 2nd period - Snap shot by Fabian Brunnstrom.
15:04 of 2nd period - Stopped by Jaroslav Halak with a rebound.
15:13 of 2nd period - Minor Penalty to Robert Nilsson for Cross-checking.
15:14 of 2nd period - Claude Giroux wins face-off versus Henrik Zetterberg in Lightning zone.
15:26 of 2nd period - Wrist shot by Alexander Frolov.
15:26 of 2nd period - Shot Blocked by Kris Versteeg.
15:28 of 2nd period - Snap shot by Braydon Coburn.
15:28 of 2nd period - Stopped by Jaroslav Halak with a rebound.
15:30 of 2nd period - Wrist shot by Claude Giroux.
15:30 of 2nd period - Shot Misses the Net.
15:46 of 2nd period - Snap shot by Gilbert Brule.
15:46 of 2nd period - Shot Blocked by John Carlson.
16:30 of 2nd period - Braydon Coburn is hit by Logan Couture and loses puck.
17:13 of 2nd period - Penalty to Robert Nilsson is over, Robert Nilsson is back on ice.
18:02 of 2nd period - Wrist shot by Sheldon Keefe.
18:02 of 2nd period - Shot Misses the Net.
18:04 of 2nd period - Slapshot by Steve McCarthy.
18:04 of 2nd period - Shot Misses the Net.
18:06 of 2nd period - Slapshot by Chris Higgins.
18:06 of 2nd period - Shot Misses the Net.
18:08 of 2nd period - Slapshot by Steve McCarthy.
18:08 of 2nd period - Stopped by Marc-André Fleury with a rebound.
18:20 of 2nd period - Snap shot by Robert Nilsson.
18:20 of 2nd period - Shot Misses the Net.
19:27 of 2nd period - Wrist shot by Chris Higgins.
19:27 of 2nd period - Goal by Chris Higgins - Lightning : 4 - Maple Leafs : 1.
19:28 of 2nd period - Robert Nilsson wins face-off versus Michael Grabner in neutral zone.
19:33 of 2nd period - Wrist shot by John Carlson.
19:33 of 2nd period - Shot Blocked by Taylor Chorney.
Goals for this period are 3 for Lightning vs 0 for Maple Leafs.
Shots for this period are 14 for Lightning vs 10 for Maple Leafs.
3rd period
0:01 of 3rd period - Jordan Staal wins face-off versus Robert Nilsson in neutral zone.
0:26 of 3rd period - Steve Bernier is hit by Braydon Coburn and loses puck.
0:33 of 3rd period - Slapshot by Danny Richmond.
0:33 of 3rd period - Stopped by Marc-André Fleury without a rebound.
0:34 of 3rd period - Michael Grabner wins face-off versus Robert Nilsson in Maple Leafs zone.
0:45 of 3rd period - Wrist shot by Henrik Zetterberg.
0:45 of 3rd period - Stopped by Marc-André Fleury without a rebound.
0:46 of 3rd period - Jordan Staal wins face-off versus Robert Nilsson in Maple Leafs zone.
1:13 of 3rd period - Daniel Carcillo is hit by Gilbert Brule and loses puck.
1:20 of 3rd period - Wrist shot by Michael Grabner.
1:20 of 3rd period - Shot Misses the Net.
1:44 of 3rd period - Wrist shot by Sheldon Keefe.
1:44 of 3rd period - Stopped by Marc-André Fleury with a rebound.
1:46 of 3rd period - Snap shot by John Carlson.
1:46 of 3rd period - Stopped by Marc-André Fleury without a rebound.
1:47 of 3rd period - Robert Nilsson wins face-off versus Jordan Staal in Maple Leafs zone.
1:48 of 3rd period - Wrist shot by Henrik Zetterberg.
1:48 of 3rd period - Stopped by Marc-André Fleury with a rebound.
1:50 of 3rd period - Slapshot by Andy Rogers.
1:50 of 3rd period - Stopped by Marc-André Fleury without a rebound.
1:51 of 3rd period - Robert Nilsson wins face-off versus Jordan Staal in Maple Leafs zone.
2:54 of 3rd period - Minor Penalty to Sheldon Keefe for Hooking.
2:55 of 3rd period - Jordan Staal wins face-off versus Henrik Zetterberg in Lightning zone.
3:27 of 3rd period - Snap shot by Fabian Brunnstrom.
3:27 of 3rd period - Stopped by Jaroslav Halak with a rebound.
4:20 of 3rd period - John Carlson is hit by Fabian Brunnstrom and loses puck.
4:54 of 3rd period - Penalty to Sheldon Keefe is over, Sheldon Keefe is back on ice.
5:31 of 3rd period - Snap shot by Pierre-Marc Bouchard.
5:31 of 3rd period - Stopped by Marc-André Fleury with a rebound.
6:00 of 3rd period - Colby Armstrong is hit by Pierre-Luc Létourneau and loses puck.
6:11 of 3rd period - Logan Couture is hit by Michael Grabner and loses puck.
6:39 of 3rd period - Icing by Ryan Parent.
6:40 of 3rd period - Logan Couture wins face-off versus Evgeny Grachev in Maple Leafs zone.
7:09 of 3rd period - Wrist shot by Reilly Smith.
7:09 of 3rd period - Stopped by Marc-André Fleury with a rebound.
7:29 of 3rd period - Snap shot by Gilbert Brule.
7:29 of 3rd period - Stopped by Jaroslav Halak without a rebound.
7:30 of 3rd period - Gilbert Brule wins face-off versus Robert Nilsson in Lightning zone.
7:41 of 3rd period - Slapshot by John Carlson.
7:41 of 3rd period - Goal by John Carlson - Lightning : 5 - Maple Leafs : 1.
7:42 of 3rd period - Robert Nilsson wins face-off versus Jamie Benn in neutral zone.
9:29 of 3rd period - Minor Penalty to Brent Burns for Holding.
9:30 of 3rd period - Jordan Staal wins face-off versus Henrik Zetterberg in Lightning zone.
9:58 of 3rd period - Snap shot by Gilbert Brule.
9:58 of 3rd period - Shot Blocked by Danny Richmond.
10:00 of 3rd period - Slapshot by Gilbert Brule.
10:00 of 3rd period - Stopped by Jaroslav Halak with a rebound.
10:16 of 3rd period - Slapshot by Andy Rogers.
10:16 of 3rd period - Stopped by Marc-André Fleury without a rebound.
10:17 of 3rd period - Jordan Staal wins face-off versus Robert Nilsson in Maple Leafs zone.
11:29 of 3rd period - Penalty to Brent Burns is over, Brent Burns is back on ice.
12:08 of 3rd period - Minor Penalty to Fabian Brunnstrom for Holding.
12:09 of 3rd period - Jordan Staal wins face-off versus Robert Nilsson in Maple Leafs zone.
12:21 of 3rd period - Snap shot by Claude Giroux.
12:21 of 3rd period - Stopped by Jaroslav Halak without a rebound.
12:22 of 3rd period - Pierre-Marc Bouchard wins face-off versus Jordan Staal in Lightning zone.
14:08 of 3rd period - Penalty to Fabian Brunnstrom is over, Fabian Brunnstrom is back on ice.
14:12 of 3rd period - Snap shot by Logan Couture.
14:12 of 3rd period - Shot Blocked by Marc-Édouard Vlasic.
14:24 of 3rd period - Victor Hedman is hit by Fabian Brunnstrom and loses puck.
14:33 of 3rd period - Slapshot by Fabian Brunnstrom.
14:33 of 3rd period - Deflect By Eric Nystrom.
14:33 of 3rd period - Shot Misses the Net.
14:33 of 3rd period - Puck is out of play.
14:34 of 3rd period - Evgeny Grachev wins face-off versus Mikael Backlund in Lightning zone.
14:57 of 3rd period - Wrist shot by Reilly Smith.
14:57 of 3rd period - Stopped by Marc-André Fleury without a rebound.
14:58 of 3rd period - Jordan Staal wins face-off versus Pierre-Marc Bouchard in Maple Leafs zone.
15:03 of 3rd period - Slapshot by Taylor Chorney.
15:03 of 3rd period - Stopped by Jaroslav Halak with a rebound.
15:19 of 3rd period - Slapshot by Claude Giroux.
15:19 of 3rd period - Shot Misses the Net.
15:29 of 3rd period - Snap shot by Claude Giroux.
15:29 of 3rd period - Stopped by Jaroslav Halak without a rebound.
15:30 of 3rd period - Alexander Frolov wins face-off versus Robert Nilsson in Lightning zone.
15:33 of 3rd period - Snap shot by Gilbert Brule.
15:33 of 3rd period - Deflect By Alexander Frolov.
15:33 of 3rd period - Stopped by Jaroslav Halak without a rebound.
15:34 of 3rd period - Robert Nilsson wins face-off versus Gilbert Brule in Lightning zone.
15:43 of 3rd period - John Carlson is hit by Tobias Enstrom and loses puck.
16:38 of 3rd period - Snap shot by Gilbert Brule.
16:38 of 3rd period - Shot Misses the Net.
16:40 of 3rd period - Slapshot by Alexander Frolov.
16:40 of 3rd period - Stopped by Jaroslav Halak with a rebound.
16:42 of 3rd period - Slapshot by Braydon Coburn.
16:42 of 3rd period - Deflect By Brent Burns.
16:42 of 3rd period - Stopped by Jaroslav Halak with a rebound.
16:44 of 3rd period - Snap shot by Tobias Enstrom.
16:44 of 3rd period - Stopped by Jaroslav Halak with a rebound.
16:46 of 3rd period - Slapshot by Braydon Coburn.
16:46 of 3rd period - Stopped by Jaroslav Halak without a rebound.
16:47 of 3rd period - Jamie Benn wins face-off versus Kris Versteeg in Lightning zone.
17:55 of 3rd period - Claude Giroux is hit by Andy Rogers and loses puck.
18:35 of 3rd period - Tobias Enstrom is hit by Chris Higgins.
18:58 of 3rd period - Slapshot by Mikael Backlund.
18:58 of 3rd period - Deflect By Reilly Smith.
18:58 of 3rd period - Stopped by Marc-André Fleury without a rebound.
18:59 of 3rd period - Robert Nilsson wins face-off versus Gilbert Brule in Maple Leafs zone.
Goals for this period are 1 for Lightning vs 0 for Maple Leafs.
Shots for this period are 12 for Lightning vs 11 for Maple Leafs.
Back to the Top